 Dungeon Crawl Stone Soup version 0.32-a0-700-g9bfe03f (webtiles) character file.

Game seed: 6191649324325085451

74381 Toastz the Brawler (level 15, -1/138 HPs)
             Began as a White Draconian Shapeshifter on Mar 13, 2024.
             Was a High Priest of Trog.
             Killed from afar by a wretched star (14 damage)
             ... with a lance of force
             ... on level 2 of the Abyss.
             The game lasted 00:45:26 (25075 turns).

Toastz the Brawler (White Draconian Shapeshifter)  Turns: 25075, Time: 00:45:26

Health: -1/138     AC: 20    Str: 32    XL:     15   Next: 6%
Magic:  0/15       EV: 17    Int: 13    God:    Trog [*****.]
Gold:   1068       SH:  0    Dex: 15    Spells: 14/14 levels left

rFire   + .          .
                       - Unarmed
rCold   + . .        (no shield)
rNeg    + . .        (body armour unavailable)
rPois   .            (helmet restricted)
rElec   .            G - +2 cloak
rCorr   .            I - +0 pair of gloves of Impatience {rF+ Str+2 Int+3}
SInv    .            b - +2 pair of boots
Will    ++...        l - amulet of guardian spirit
Stlth   +            e - +6 ring of strength
HPRegen 0.00/turn    i - ring "Olous" {rN+ Will+ AC+4 Dex+4}
MPRegen 0.14/turn

%: guardian spirit
@: maw-form, on berserk cooldown, sick, slowed, very slow
A: devouring maw, glacial breath, AC +9, unfitting armour, cold resistance 1,
cold-blooded, [deterioration 2]
a: Glacial Breath, Begin Untransformation, Renounce Religion, Berserk, Trog's
Hand, Brothers in Arms


You were on level 2 of the Abyss.
You worshipped Trog.
Trog was extremely pleased with you.
You were a creature with a mouth for a stomach.
You visited 4 branches of the dungeon, and saw 22 of its levels.
You visited the Abyss 1 time.

You collected 2303 gold pieces.
You spent 1235 gold pieces at shops.

Inventory:

Missiles
 t - 32 poisoned darts
 E - 2 curare-tipped darts
 K - 3 atropa-tipped darts
 M - 4 javelins
 S - 3 darts of dispersal
Armour
 b - a +2 pair of boots (worn)
 p - a +0 pair of gloves
 G - a +2 cloak (worn)
 I - the +0 pair of gloves of Impatience (worn) {rF+ Str+2 Int+3}
   (You found it on level 8 of the Dungeon)

   Str+2:     It affects your strength (+2).
   Int+3:     It affects your intelligence (+3).
   rF+:       It protects you from fire.
 Y - +0 pearl dragon scales
Jewellery
 e - a +6 ring of strength (left hand)
 i - the ring "Olous" (right hand) {rN+ Will+ AC+4 Dex+4}
   (You bought it in a shop on level 2 of the Orcish Mines)

   [ring of protection]

   AC+4:      It affects your AC (+4).
   Dex+4:     It affects your dexterity (+4).
   rN+:       It protects you from negative energy.
   Will+:     It increases your willpower.
 l - an amulet of guardian spirit (around neck)
 z - a +4 ring of protection
 N - the amulet "Balum" {Will+ RegenMP+ Int+3}
   (You found it on level 4 of the Lair of Beasts)

   [amulet of magic regeneration]

   It increases your rate of magic regeneration.
   Int+3:     It affects your intelligence (+3).
   Will+:     It increases your willpower.
   RegenMP+:  It increases your rate of magic regeneration.
Talismans
 c - a flux talisman
 D - a maw talisman (active)
Wands
 q - a wand of flame (49) (quivered)
 u - a wand of iceblast (41)
 y - a wand of acid (20)
 J - a wand of paralysis (7)
 P - a wand of polymorph (12)
 Q - a wand of mindburst (11)
Scrolls
 a - 3 scrolls of fog
 d - 8 scrolls of teleportation
 j - a scroll of butterflies
 m - 4 scrolls of blinking {unknown}
 n - 3 scrolls of immolation
 s - 3 scrolls of poison
 w - 2 scrolls of vulnerability {unknown}
 x - 3 scrolls of revelation
 A - a scroll of torment {unknown}
 B - a scroll of noise
 F - 3 scrolls of silence
 U - a scroll of acquirement {unknown}
 V - a scroll of fear
 W - 2 scrolls of identify
Potions
 f - 2 potions of brilliance {unknown}
 g - 2 potions of haste
 h - 2 potions of lignification
 k - 2 potions of attraction
 o - 5 potions of might
 r - 2 potions of magic
 v - 13 potions of curing
 C - 4 potions of heal wounds
 H - 2 potions of ambrosia {unknown}
 L - 2 potions of enlightenment {unknown}
 O - 2 potions of mutation
 R - 3 potions of cancellation {unknown}
 X - a potion of berserk rage
Miscellaneous
 T - a phantom mirror (inert)


   Skills:
 + Level 14.0 Fighting
 + Level 11.9 Dodging
 * Level 15.7 Unarmed Combat
 + Level 4.4 Evocations
 - Level 12.1 Shapeshifting


You had 14 spell levels left.
You didn't know any spells.
Your spell library contained the following spells:

 Spells                   Type           Power      Damage    Failure   Level
 Apportation              Tloc           0%         N/A       30%         1
 Necrotise                Necr           0%         1d4       30%         1
 Sting                    Conj/Alch      0%         1d3       30%         1
 Summon Small Mammal      Summ           0%         N/A       30%         1
 Jinxbite                 Hex            0%         N/A       43%         2
 Call Canine Familiar     Summ           0%         N/A       67%         3
 Sigil of Binding         Hex            0%         N/A       67%         3
 Vampiric Draining        Necr           0%         2d6       67%         3
 Dimensional Bullseye     Hex/Tloc       0%         N/A       97%         4
 Manifold Assault         Tloc           0%         N/A       97%         4
 Martyr's Knell           Necr/Summ      0%         N/A       97%         4
 Summon Blazeheart Golem  Fire/Summ      0%         N/A       97%         4
 Curse of Agony           Necr           0%         N/A       100%        5
 Summon Forest            Summ/Tloc      0%         N/A       100%        5
 Summon Mana Viper        Hex/Summ       0%         N/A       100%        5
 Yara's Violent Unravell  Hex/Alch       0%         3d3       100%        5
 Dispersal                Tloc           0%         N/A       100%        6
 Summon Cactus Giant      Summ           0%         N/A       100%        6
 Enfeeble                 Hex            0%         N/A       100%        7
 Disjunction              Tloc           0%         N/A       100%        8


Dungeon Overview and Level Annotations

Branches:
Dungeon (14/15)            Temple (1/1) D:5            Lair (5/5) D:9
 Shoals (0/4) Lair:3       Spider (0/4) Lair:2        Slime (0/5) Lair:4
    Orc (2/2) D:11            Elf (0/3) Orc:2        Vaults (0/5) D:13

Altars:
Ashenzari
Cheibriados
Dithmenos
Elyvilon
Fedhas
Gozag
Hepliaklqana
Kikubaaqudgha
Makhleb
Nemelex Xobeh
Okawaru
Qazlal
Ru
Sif Muna
Trog
Uskayaw
Vehumet
Wu Jian
Xom
Yredelemnul
Zin
The Shining One
Jiyva

Shops:
D:9 ?   Orc:2 [!(*

Portals:
Hell: Lair:5
Trove: D:12 (give horn of Geryon)

Annotations:
D:14 Louise


Innate Abilities, Weirdness & Mutations

You are a creature with a mouth for a stomach.
Your midsection houses a second, enormous mouth.
You can breathe waves of cold which freeze foes solid.
Your icy white scales are hard. (AC +9)
You cannot fit into any form of body armour.
Your flesh is cold resistant. (rC+)
You are cold-blooded and may be slowed by cold attacks.
[Your body often deteriorates upon taking damage.]


Message History

Trog accepts your kill.
You feel sick.
You feel yourself growing ill in the presence of the ancient zyme.
Your Fighting skill increases to level 14!
You feel sick.
You see here +0 pearl dragon scales.
Y - +0 pearl dragon scales You feel a strong urge to attack something.
You feel sick.
You feel ill.
You feel your anger nearly subside.
You are no longer berserk.
You are exhausted.
You feel yourself slow down.
You feel sick. The ancient zyme misses you.
The ancient zyme hits you but does no damage.
You see here a shapeshifter corpse.
You pummel the ancient zyme!! Your bite misses the ancient zyme.
The ancient zyme is heavily damaged.
You feel sick.
The ancient zyme hits you but does no damage.
The ancient zyme barely misses you.
You pummel the ancient zyme!! You bite the ancient zyme.
You destroy the ancient zyme!
Trog accepts your kill.
You feel sick.
You feel sick.
You are no longer poisoned.
You feel the effects of Trog's Hand fading.
Your skin stops crawling.
You feel less strong-willed.
A wretched star comes into view.
The wretched star glows turbulently.
The lance of force hits you!!
* * * LOW HITPOINT WARNING * * *
You are knocked back by the lance of force.
You slam into the rock wall!
* * * LOW HITPOINT WARNING * * *
The wretched star pulses with an eldritch light!
You feel yourself wasting away.
You feel your body start to fall apart.
The wretched star glows turbulently.
The lance of force hits you!!
You die...

#. ###....#.#. ... .
#.###.#.###....#.##..
..#......#.#...#....
#.#.##.....#.. .#.##
#....#.............#
#...#...........#. ..
##................
#.. ##..........#.. .
. #.#.W*.......†.
..#.
#...............#..
#............. .# ..#
##..##.#...........
## #......#......##
#...
#................ .
.. ##.. .........
.#.#..
............... .. .
... #. ..


You could see a wretched star.

Vanquished Creatures
  A pearl dragon (Abyss:2)
  2 tentacled starspawn (Abyss:2)
  A dire elephant (Lair:5)
  Azrael (D:14)
  Snorg (Orc:1)
  Josephine (D:12)
  2 hydras
  A hell beast (Lair:5)
  An ogre mage (D:13)
  4 centaur warriors
  A boulder beetle (D:11)
  5 two-headed ogres
  An occultist (Lair:5)
  Sonja (Lair:2)
  4 skysharks
  The ghost of Kyuduonn the Mimic, a novice DrNe of Gozag (D:10)
  2 arcanists (D:13)
  2 deep elf pyromancers (D:13)
  2 oklob plants
  3 orc knights
  An orc sorcerer (Orc:2)
  An ugly thing (D:13)
  A manticore (D:13)
  8 elephants
  A cyclops (D:10)
  Maurice (D:7)
  4 kobold blastminers
  Joseph (D:8)
  A toenail golem (Abyss:2)
  2 black mambas
  A cane toad (shapeshifter) (Abyss:2)
  Maggie (D:6)
  2 orange demons (Lair:5)
  2 rime drakes
  A torpor snail (Lair:5)
  14 cane toads
  4 large abominations (Abyss:2)
  Psyche (D:8)
  8 komodo dragons
  An ice devil (Lair:5)
  2 red devils (Lair:5)
  4 polar bears
  3 ancient zymes (Abyss:2)
  4 trolls
  A hellwing (Lair:5)
  12 blink frogs
  6 dream sheep (Lair:5)
  A jumping spider (Lair:2)
  A water elemental (D:14)
  4 wraiths
  A shadow (D:12)
  A vampire (D:13)
  5 wyverns
  6 basilisks
  68 yaks
  Eustachio (D:5)
  A warg (Orc:2)
  A redback (Lair:2)
  3 fire elementals (D:14)
  13 vampire mosquitoes
  Menkaure (D:6)
  10 hell hounds
  Duvessa (D:7)
  An acid dragon (D:10)
  12 water moccasins
  39 orc warriors
  An ice beast (D:5)
  A sky beast (D:5)
  7 ogres
  2 black bears (D:5)
  17 wolves
  24 centaurs
  3 phantoms
  Blork the orc (D:6)
  A kobold brigand (D:8)
  A wyvern zombie (D:5)
  A gnoll sergeant (D:9)
  11 bullfrogs
  A water moccasin zombie (D:5)
  5 wights (D:7)
  A burial acolyte (D:10)
  Dowan (D:7)
  7 killer bees
  5 howler monkeys
  2 electric eels
  A bombardier beetle (D:3)
  3 bullfrog zombies (D:5)
  10 orc priests
  5 jellies
  Crazy Yiuf (D:2)
  A centaur skeleton (D:5)
  2 hounds
  3 bullfrog skeletons (D:5)
  2 sleepcaps
  2 iguanas
  A scorpion zombie (D:5)
  Ijyb (D:3)
  Natasha (thrice) (D:3)
  13 orc wizards
  A killer bee zombie (D:5)
  2 hound zombies (D:5)
  Robin (D:4)
  6 adders
  5 gnolls (D:9)
  2 shadow imps (D:5)
  3 white imps
  5 ufetubi
  2 dart slugs (D:3)
  69 orcs
  8 ball pythons
  7 endoplasms
  4 giant cockroaches
  12 goblins
  4 hobgoblins
  2 jackals (D:2)
  2 quokkas
  3 bats (D:3)
  2 frilled lizards
  2 jackal zombies (D:10)
  14 kobolds
  5 rats
  3 starspawn tentacles (Abyss:2)
599 creatures vanquished.

Vanquished Creatures (others)
  5 starspawn tentacles (Abyss:2)
5 creatures vanquished.

Grand Total: 604 creatures vanquished

Notes
Turn   | Place    | Note
-------+----------+-------------------------------------------
     0 | D:1      | Toastz the Draconian Shapeshifter began the quest for the
                  | Orb.
     0 | D:1      | Reached XP level 1. HP: 16/16 MP: 1/1
   294 | D:1      | Reached XP level 2. HP: 23/23 MP: 2/2
  1104 | D:2      | Reached XP level 3. HP: 25/29 MP: 3/3
  1363 | D:2      | Found a runed translucent door.
  1364 | D:2      | Noticed Crazy Yiuf
  1590 | D:3      | Reached XP level 4. HP: 36/36 MP: 2/4
  1801 | D:3      | Found a faded altar of an unknown god.
  1943 | D:3      | Noticed Natasha
  1947 | D:3      | Killed Natasha
  2028 | D:3      | Noticed Ijyb
  2048 | D:3      | Killed Ijyb
  2049 | D:3      | Reached XP level 5. HP: 17/42 MP: 2/5
  2296 | D:3      | Noticed Natasha
  2302 | D:3      | Killed Natasha
  2891 | D:3      | Noticed Natasha
  2899 | D:3      | Killed Natasha
  3092 | D:4      | Noticed an ogre
  3102 | D:4      | Killed an ogre
  3103 | D:4      | Reached skill level 4 in Unarmed Combat
  3103 | D:4      | Reached XP level 6. HP: 51/51 MP: 6/6
  3615 | D:4      | Found a hazy altar of Hepliaklqana.
  3746 | D:4      | Reached skill level 5 in Shapeshifting
  3751 | D:4      | Noticed Robin
  3760 | D:4      | Killed Robin
  4130 | D:5      | Entered Level 5 of the Dungeon
  4135 | D:5      | Your scales start taking on an icy white colour.
  4135 | D:5      | Reached XP level 7. HP: 56/57 MP: 7/7
  4135 | D:5      | Gained mutation: Your flesh is cold resistant. (rC+) [White
                  | Draconian growth]
  4531 | D:5      | Reached skill level 5 in Unarmed Combat
  4536 | D:5      | Reached XP level 8. HP: 14/67 MP: 3/8
  5265 | D:5      | Found a staircase to the Ecumenical Temple.
  5389 | D:5      | Reached skill level 5 in Fighting
  5463 | Temple   | Entered the Ecumenical Temple
  5503 | Temple   | Became a worshipper of Trog the Wrathful
  5635 | D:6      | Noticed Maggie
  5742 | D:6      | Killed Maggie
  5759 | D:5      | Reached skill level 6 in Unarmed Combat
  5857 | D:6      | Noticed Menkaure
  5872 | D:6      | HP: 3/69 [orc priest/divine providence (13)]
  5874 | D:5      | HP: 1/69 [sleepcap (1)]
  5879 | D:5      | Reached skill level 5 in Dodging
  6223 | D:6      | Noticed Blork the orc
  6230 | D:5      | Reached XP level 9. HP: 68/75 MP: 7/9
  6252 | D:6      | Noticed Eustachio
  6274 | D:5      | Reached * piety under Trog
  6293 | D:5      | Killed Eustachio
  6376 | D:6      | Killed Blork the orc
  6641 | D:2      | Killed Crazy Yiuf
  6741 | D:6      | Killed Menkaure
  7222 | D:7      | Noticed Duvessa
  7222 | D:7      | Noticed Dowan
  7246 | D:7      | Killed Duvessa
  7247 | D:7      | Reached skill level 7 in Unarmed Combat
  7250 | D:7      | Killed Dowan
  7592 | D:7      | Noticed Maurice
  7599 | D:7      | Maurice stole a maw talisman
  7601 | D:7      | Killed Maurice
  8029 | D:8      | Reached XP level 10. HP: 50/86 MP: 7/10
  8326 | D:8      | Found an iron altar of Okawaru.
  8329 | D:8      | Found a hide-covered altar of Uskayaw.
  8336 | D:8      | Found a shimmering blue altar of Sif Muna.
  8339 | D:8      | Found a sacrificial altar of Ru.
  8341 | D:8      | Found a glowing golden altar of the Shining One.
  8346 | D:8      | Found a radiant altar of Vehumet.
  8407 | D:8      | Noticed Joseph
  8414 | D:8      | Killed Joseph
  8502 | D:8      | Noticed Psyche
  8523 | D:8      | Killed Psyche
  8580 | D:8      | Identified the +0 pair of gloves of Impatience {rF+ Str+2
                  | Int+3}
  8627 | D:8      | Reached skill level 8 in Unarmed Combat
  9331 | D:9      | Reached ** piety under Trog
  9523 | D:9      | Noticed a two-headed ogre
  9530 | D:9      | Killed a two-headed ogre
  9576 | D:9      | Found Geal's Magic Scroll Shoppe.
  9583 | D:9      | Bought a scroll of identify for 34 gold pieces
  9583 | D:9      | Bought a scroll of teleportation for 51 gold pieces
  9583 | D:9      | Bought a scroll of teleportation for 51 gold pieces
  9689 | D:9      | Found a staircase to the Lair.
  9979 | Lair:1   | Entered Level 1 of the Lair of Beasts
  9981 | Lair:1   | Noticed a cane toad
  9988 | Lair:1   | Killed a cane toad
 10143 | Lair:1   | Noticed a cane toad
 10153 | Lair:1   | Killed a cane toad
 10154 | Lair:1   | Reached XP level 11. HP: 70/97 MP: 9/11
 10306 | Lair:1   | Reached skill level 9 in Unarmed Combat
 12050 | Lair:2   | Noticed Sonja
 12142 | Lair:2   | Killed Sonja
 12143 | Lair:2   | Reached skill level 10 in Fighting
 12356 | Lair:2   | Reached skill level 10 in Shapeshifting
 12363 | Lair:2   | Reached skill level 10 in Unarmed Combat
 12746 | Lair:2   | Found a hole to the Spider Nest.
 12851 | Lair:2   | Noticed a skyshark
 12869 | Lair:2   | Killed a skyshark
 13049 | Lair:2   | Reached XP level 12. HP: 107/107 MP: 12/12
 13419 | Lair:2   | Reached *** piety under Trog
 13474 | Lair:3   | Found a staircase to the Shoals.
 13609 | Lair:3   | Reached skill level 11 in Unarmed Combat
 13850 | Lair:3   | You fall into a shaft and drop 1 floor!
 13850 | Lair:4   | Noticed a five-headed hydra
 13870 | Lair:4   | HP: 8/165 [five-headed hydra (5)]
 13870 | Lair:4   | HP: 2/165 [five-headed hydra (6)]
 13872 | Lair:4   | Killed a five-headed hydra
 14063 | Lair:4   | Found a staircase to the Slime Pits.
 14063 | Lair:4   | Found a viscous altar of Jiyva.
 14181 | Lair:4   | Reached skill level 12 in Unarmed Combat
 14476 | Lair:4   | Identified the amulet "Balum" {Will+ RegenMP+ Int+3}
 14735 | Lair:3   | Reached skill level 10 in Dodging
 14815 | Lair:3   | Reached **** piety under Trog
 14821 | Lair:3   | Reached XP level 13. HP: 117/117 MP: 13/13
 15855 | Lair:5   | Entered Level 5 of the Lair of Beasts
 16127 | Lair:5   | Reached skill level 13 in Unarmed Combat
 16864 | Lair:5   | Noticed a dire elephant
 16874 | Lair:5   | Killed a dire elephant
 17053 | Lair:5   | Found a burning altar of Makhleb.
 17434 | Lair:5   | Found a gateway to Hell.
 17900 | D:10     | Entered Level 10 of the Dungeon
 17935 | D:10     | Reached ***** piety under Trog
 17971 | D:10     | Found a runed translucent door.
 18068 | D:10     | Identified the +0 robe "Orrizin" {rPois}
 18282 | D:10     | Found a stormy altar of Qazlal.
 18327 | D:10     | Found a shimmering altar of Xom.
 18519 | D:10     | Found an ancient bone altar of Kikubaaqudgha.
 18625 | D:10     | Noticed Kyuduonn's ghost (novice DrNe)
 18634 | D:10     | Killed Kyuduonn's ghost
 18759 | D:11     | Reached skill level 14 in Unarmed Combat
 18998 | D:11     | Reached XP level 14. HP: 105/127 MP: 10/14
 19250 | D:11     | Received a gift from Trog
 19383 | D:11     | Found a staircase to the Orcish Mines.
 19398 | Orc:1    | Entered Level 1 of the Orcish Mines
 19529 | Orc:2    | Entered Level 2 of the Orcish Mines
 19603 | Orc:2    | Paralysed by an orc sorcerer for 5 turns
 21582 | Orc:2    | Found a staircase to the Elven Halls.
 21803 | Orc:2    | Found Tais's Distillery.
 21803 | Orc:2    | Found Ewas's Antique Weapon Boutique.
 21805 | Orc:2    | Found Hienn's General Store.
 21807 | Orc:2    | Found Idith's Antique Armour Emporium.
 21814 | Orc:2    | Bought a scroll of enchant armour for 120 gold pieces
 21827 | Orc:2    | Bought the ring "Olous" {rN+ Will+ AC+4 Dex+4} for 979 gold
                  | pieces
 21881 | Orc:1    | Noticed Snorg
 21892 | Orc:1    | Killed Snorg
 22138 | Orc:2    | Reached skill level 1 in Evocations
 22739 | D:12     | Found a portal to a secret trove of treasure.
 22854 | D:12     | Noticed Josephine
 22861 | D:12     | Killed Josephine
 23579 | D:13     | Reached skill level 15 in Unarmed Combat
 23679 | D:13     | Found a gate to the Vaults.
 24044 | D:13     | Reached ****** piety under Trog
 24445 | D:14     | Noticed Azrael
 24475 | D:14     | Killed Azrael
 24592 | D:14     | Received a gift from Trog
 24830 | D:14     | Noticed Louise
 24841 | Abyss:2  | Cast into level 2 of the Abyss (Louise)
 24956 | Abyss:2  | Noticed a tentacled starspawn
 24968 | Abyss:2  | Killed a tentacled starspawn
 25009 | Abyss:2  | Noticed a tentacled starspawn
 25029 | Abyss:2  | Noticed a pearl dragon
 25032 | Abyss:2  | Killed a tentacled starspawn
 25033 | Abyss:2  | Reached XP level 15. HP: 77/137 MP: 10/15
 25046 | Abyss:2  | Killed a pearl dragon
 25075 | Abyss:2  | Killed from afar by a wretched star

Illustrated notes

Levels and vault maps discovered:
D:1:      spicycebolla_arrival_xxxplode, layout_basic, minivault_26,
          dk_noncrumbling_2, minmay_misc_feat_columns
D:2:      layout_rooms, uniq_crazy_yiuf_cottage
D:3:      layout_basic, shapermc_ecumenical_altar_hornbeckon, uniq_natasha,
          uniq_ijyb
D:4:      layout_basic, marbit_many_paths, uniq_robin
D:5:      layout_basic, temple_doors_ab, serial_undead, serial_undead_d,
          serial_undead_f, serial_undead_a, serial_undead_c, serial_undead_a,
          serial_undead_b, serial_undead_b, serial_undead_e, corexii_shack
D:6:      layout_cave_pools, serial_park, serial_park_fountain,
          serial_park_avenue1, mainiacjoe_sewer_entry_somewhere_in_here_2,
          uniq_menkaure, uniq_eustachio, uniq_maggie, uniq_blork_the_orc
D:7:      layout_basic, uniq_duvessa, uniq_maurice
D:8:      nicolae_cairo_tiling_very_big, layout_gridville,
          nicolae_overflow_hallway_of_the_gods, corexii_corridor_pit,
          lightli_orcish_oven, uniq_psyche, uniq_joseph
D:9:      layout_roguey, lair_entry_dummy, serial_shops, shop
D:10:     layout_irregular_city, mainiacjoe_overflow_surrounded_room,
          mainiacjoe_overflow_small_starburst,
          lemuel_zombie_altar_kikubaaqudgha, gammafunk_ghost_grave,
          kennysheep_crisscross
D:11:     layout_small_grid, david_orc_4
D:12:     layout_loops_corners, nicolae_trove_entry_crossroad, uniq_josephine
D:13:     minmay_wizard_corner, layout_loops_ring, david_vaults_2
D:14:     layout_basic, nicolae_cairo_tiling_large_dashed, uniq_azrael,
          uniq_louise
Temple:   nicolae_temple_x_marks_the_god
Lair:1:   layout_concentric_octagons
Lair:2:   layout_cave_pods, spider_nest_entry_rubble, uniq_sonja
Lair:3:   beast_lair_carwin_large_3, layout_gridlike, elwin_shoals_entry_rocks,
          grunt_megastairs_4
Lair:4:   layout_cave_shapes, nicolae_slime_entry_field_trip
Lair:5:   evil_forest, layout_gridlike, lemuel_fruit_tree
Orc:1:    layout_caves, uniq_snorg
Orc:2:    st_orc_rangers, layout_caves
Abyss:2:  base: Orc:1, hangedman_abyss_shoalhut

Skill      XL: |  1  2  3  4  5  6  7  8  9 10 11 12 13 14 15 |
---------------+----------------------------------------------+-----
Dodging        | 2 3 4 5 6 7 9 10 11 | 11.9
Fighting       | 2 3 4 5 7 9 10 11 12 13 14 | 14.0
Shapeshifting  | 4 5 6 7 8 9 10 11 12 | 12.1
Unarmed Combat | 4 5 6 7 8 10 12 14 15 | 15.7
Evocations     | 4 |  4.4

Action                     |  1- 3 |  4- 6 |  7- 9 | 10-12 | 13-15 || total
---------------------------+-------+-------+-------+-------+-------++-------
  Melee: Unarmed           |   107 |   122 |   287 |   669 |   756 ||  1941
         Tailslap          |    10 |    12 |    50 |   127 |   119 ||   318
         Punch             |       |     5 |     9 |    20 |    64 ||    98
         Maw               |       |       |       |    95 |   254 ||   349
  Throw: Dart              |       |     4 |       |       |    16 ||    20
 Invoke: Berserk           |       |       |     1 |     6 |     6 ||    13
         Trog's Hand       |       |       |       |     1 |     5 ||     6
Ability: Glacial Breath    |       |       |     5 |       |       ||     5
  Evoke: Wand              |       |     1 |     3 |       |     2 ||     6
         Phantom mirror    |       |       |       |       |     1 ||     1
    Use: Scroll            |       |       |     5 |    10 |    11 ||    26
         Potion            |       |       |     2 |       |       ||     2
   Stab: Sleeping          |     1 |       |       |       |     1 ||     2
 Armour: Skin              |    56 |    62 |   217 |   447 |   772 ||  1554
  Dodge: Dodged            |    57 |    56 |   257 |   491 |   924 ||  1785
   Form: Flux              |       |       |     1 |       |       ||     1
         Maw               |       |       |       |     1 |       ||     1

Table legend: (Time is in decaauts)
 A = Elapsed time spent in this place.
 B = Non-inter-level travel time spent in this place.
 C = Inter-level travel time spent in this place.
 D = Time resting spent in this place.
 E = Time spent auto-exploring this place.
 F = Levels seen in this place.
 G = Mean time per level.
                   A        B        C        D        E       F      G
               +--------+--------+--------+--------+--------+-----+--------+
         Total |  24894 |  23995 |    899 |   6187 |  13704 |  23 | 1082.3 |
       Dungeon |  13699 |  13079 |    620 |   1494 |   9497 |  14 |  978.5 |
        Temple |     50 |     32 |     18 |      0 |      0 |   1 |   50.0 |
          Lair |   7849 |   7672 |    177 |   2926 |   3472 |   5 | 1569.8 |
  Orcish Mines |   3072 |   2988 |     84 |   1763 |    713 |   2 | 1536.0 |
         Abyss |    223 |    223 |      0 |      3 |     21 |   1 |  223.0 |
               +--------+--------+--------+--------+--------+-----+--------+

Top non-repeatable levels by time:
     D:5: 2118 daAuts
  Lair:1: 2063 daAuts
   Orc:1: 2004 daAuts
  Lair:5: 1950 daAuts
     D:3: 1536 daAuts
  Lair:2: 1461 daAuts
  Lair:4: 1356 daAuts
     D:8: 1229 daAuts
     D:4: 1167 daAuts
   Orc:2: 1067 daAuts
     D:1: 1055 daAuts
  Lair:3: 1018 daAuts
    D:12: 931 daAuts
    D:13: 815 daAuts
     D:9: 807 daAuts
